 Dungeon Crawl Stone Soup version 0.27-a0-1291-geefcff550b (webtiles) character file.

Game seed: 9470143100651533478

1675 ipx the Destroyer (level 8, -3/61 HPs)
             Began as a Deep Elf Fire Elementalist on June 15, 2021.
             Was an Initiate of Vehumet.
             Succumbed to a hornet's poison
             ... on level 9 of the Dungeon.
             The game lasted 00:42:22 (2008 turns).

ipx the Destroyer (Deep Elf Fire Elementalist)      Turns: 2008, Time: 00:42:23

Health: -3/61      AC:  4    Str:  5    XL:     8   Next: 70%
Magic:  16/16      EV: 14    Int: 29    God:    Vehumet [......]
Gold:   166        SH:  0    Dex: 15    Spells: 7/16 levels left

rFire    . . .     SeeInvis .   a - +2 dagger (venom)
rCold    . . .     Faith    .   (no shield)
rNeg     . . .     Spirit   .   f - +1 robe
rPois    .         Reflect  .   (no helmet)
rElec    .         Harm     .   (no cloak)
rCorr    .         Rampage  .   (no gloves)
Will     .....                  p - +0 pair of boots
Stlth    ..........             J - amulet of magic regeneration
HPRegen  0.20/turn              I - +6 ring of intelligence
MPRegen  0.40/turn              (no ring)

@: berserking, lethally poisoned (-3 -> -27), slowed
A: no striking features
a: Renounce Religion


You were on level 9 of the Dungeon.
You worshipped Vehumet.
Vehumet was noncommittal.
You visited 1 branch of the dungeon, and saw 9 of its levels.

You collected 166 gold pieces.

Inventory:

Hand Weapons
 a - a +2 dagger of venom (weapon)
 b - a +0 quarterstaff
Missiles
 j - 3 curare-tipped darts (quivered)
 l - a poisoned dart
Armour
 f - a +1 robe (worn)
 p - a +0 pair of boots (worn)
Jewellery
 i - a ring of ice
 I - a +6 ring of intelligence (left hand)
 J - an amulet of magic regeneration (around neck)
Wands
 c - a wand of mindburst (4)
 h - a wand of flame (9)
Scrolls
 d - a scroll of enchant armour
 e - a scroll of noise
 g - a scroll of fog
 o - a scroll of immolation
Potions
 m - a potion of flight {unknown}


   Skills:
 * Level 4.9 Dodging
 - Level 2.4 Stealth
 + Level 4.5 Spellcasting
 + Level 8.2 Conjurations
 + Level 1.9 Translocations
 - Level 8.0 Fire Magic


You had 7 spell levels left.
You knew the following spells:

 Your Spells              Type           Power      Damage    Failure   Level
a - Apportation           Tloc           36%        N/A       3%          1
f - Conjure Flame         Conj/Fire      52%        6-21      1%          3
t - Sticky Flame          Conj/Fire      52%        2d7       2%          4
x - Foxfire               Conj/Fire      100%       2x1d9     1%          1

Your spell library contained the following spells:

 Spells                   Type           Power      Damage    Failure   Level
 Inner Flame              Hex/Fire       29%        N/A       3%          3
 Fireball                 Conj/Fire      26%        3d12      6%          5
 Iskenderun's Battlesphe  Conj           53%        2d10      6%          5
 Animate Skeleton         Necr           12%        N/A       7%          1
 Corona                   Hex            6%         N/A       7%          1
 Freeze                   Ice            24%        1d5       7%          1
 Summon Small Mammal      Summ           24%        N/A       7%          1
 Hailstorm                Conj/Ice       30%        3d8       12%         4
 Frozen Ramparts          Ice            12%        1d3       21%         3
 Ozocubu's Armour         Ice            6%         N/A       21%         3
 Bolt of Magma            Conj/Fire/Erth 18%        4d10      21%         5
 Metabolic Englaciation   Hex/Ice        3%         N/A       88%         5
 Iron Shot                Conj/Erth      15%        9d4       88%         6
 Orb of Destruction       Conj           26%        9d11      88%         7
 Spellforged Servitor     Conj/Summ      15%        N/A       100%        7


Dungeon Overview and Level Annotations

Branches:
Dungeon (9/15)             Temple (0/1) D:6
   Lair: D:8-11         Orc: D:9-12

Altars:
Ashenzari
Nemelex Xobeh
Okawaru
Qazlal
Sif Muna
Trog
Uskayaw
Vehumet
Zin

Annotations:
D:5 2 transporters, AmberJLi's ghost, weakling DDDe


Message History

Okay, then.
Unknown command.
Okay, then.
Throw: 6 darts (curare)
Press: ? - help, Q - select action, (/) - cycle Shift-Dir - straight line, f/p - black bear
Aim: a black bear (65% to hit)
You throw a curare-tipped dart.
The curare-tipped dart barely misses the black bear.
The steam dragon hisses angrily.
A water moccasin comes into view.
The hornet completely misses you. The hornet closely misses you.
The howler monkey is engulfed in blazing flames.
Throw: 5 darts (curare)
Press: ? - help, Q - select action, (/) - cycle Shift-Dir - straight line, f/p - black bear
Aim: a black bear (65% to hit)
You throw a curare-tipped dart.
The curare-tipped dart completely misses the black bear.
The hornet stings you but does no damage.
Throw: 4 darts (curare)
Press: ? - help, Q - select action, (/) - cycle Shift-Dir - straight line, f/p - black bear
Aim: a black bear (65% to hit)
You throw a curare-tipped dart.
The curare-tipped dart hits the black bear.
The black bear is poisoned.
The black bear convulses.
The black bear seems to slow down.
The black bear is lightly wounded.
A centaur zombie comes into view.
The hornet stings you!
You are poisoned.
You feel yourself slow down.
The howler monkey hoots and howls with incredible vigour!
The hornet stings you!
* * * LOW HITPOINT WARNING * * *
You are more poisoned.
You feel as though you will be slow longer.
The centaur zombie moves out of view.
It was a potion of berserk rage.
A red film seems to cover your vision as you go berserk!
You feel yourself moving faster!
You feel mighty!
You die...
P

.P #.# ... ..
Z. #.#
##########l##..
..
.......v....§.P
#. ####<(.>#
#.#####.(S(####
#.h☼hy@h####
#.(######
#....# #..##..
#.. ###. #. .h
.. h. # .y# ##


You could see a komodo dragon, a hornet (poisoned), a water moccasin, a black
bear (very poisoned, slow) and 2 howler monkeys.

Vanquished Creatures
  Sigmund (D:3)
  A water moccasin (D:6)
  3 orc warriors
  A lemure (D:6)
  2 kobold brigands
  5 bullfrogs
  A scorpion (D:6)
  A howler monkey (D:9)
  4 wights (D:6)
  2 hounds
  An orc priest (D:7)
  2 jellies
  A centaur skeleton (D:5)
  5 orc wizards
  An adder (D:6)
  A shadow imp (D:6)
  2 worms
  3 dart slugs
  9 orcs
  4 ball pythons
  3 endoplasms (D:1)
  2 giant cockroaches (D:3)
  4 goblins
  5 hobgoblins
  5 jackals (D:1)
  9 kobolds
  3 quokkas (D:1)
  5 bats
  3 rats
89 creatures vanquished.

Vanquished Creatures (others)
  345 foxfires
  21 fungi (D:9)
  22 plants (D:9)
388 creatures vanquished.

Grand Total: 477 creatures vanquished

Notes
Turn   | Place    | Note
-------+----------+-------------------------------------------
     0 | D:1      | ipx the Deep Elf Fire Elementalist began the quest for the
                  | Orb.
     0 | D:1      | Reached XP level 1. HP: 10/10 MP: 6/6
    68 | D:1      | Reached XP level 2. HP: 15/15 MP: 1/8
   327 | D:2      | Reached XP level 3. HP: 17/19 MP: 3/9
   410 | D:2      | Noticed Sigmund
   521 | D:3      | Learned a level 3 spell: Conjure Flame
   552 | D:3      | Killed Sigmund
   553 | D:3      | Reached skill level 5 in Fire Magic
   553 | D:3      | Reached XP level 4. HP: 24/24 MP: 1/10
   553 | D:3      | Reached XP level 5. HP: 28/28 MP: 1/11
   664 | D:3      | Learned a level 4 spell: Sticky Flame
   668 | D:4      | Noticed an orc warrior
   761 | D:4      | Reached XP level 6. HP: 32/32 MP: 5/12
   854 | D:4      | Found a sparkling altar of Nemelex Xobeh.
   907 | D:4      | Killed an orc warrior
   908 | D:4      | Reached skill level 5 in Conjurations
   948 | D:5      | Entered Level 5 of the Dungeon
   957 | D:5      | Reached XP level 7. HP: 35/36 MP: 9/13
   989 | D:5      | Found a transporter.
   991 | D:5      | Noticed AmberJLi's ghost (weakling DDDe)
  1001 | D:5      | Noticed a yak
  1001 | D:5      | Noticed a yak
  1001 | D:5      | Noticed a yak
  1001 | D:5      | Noticed a yak
  1032 | D:5      | Noticed a yak
  1033 | D:5      | Noticed a yak
  1171 | D:4      | Found a shimmering blue altar of Sif Muna.
  1171 | D:4      | Found an iron altar of Okawaru.
  1181 | D:4      | Found a stormy altar of Qazlal.
  1181 | D:4      | Found a glowing silver altar of Zin.
  1181 | D:4      | Found a radiant altar of Vehumet.
  1186 | D:4      | Became a worshipper of Vehumet
  1217 | D:5      | Found a hide-covered altar of Uskayaw.
  1224 | D:5      | Learned a level 1 spell: Apportation
  1269 | D:5      | Found a transporter.
  1363 | D:6      | Found a staircase to the Ecumenical Temple.
  1444 | D:6      | Reached XP level 8. HP: 13/41 MP: 8/14
  1607 | D:7      | Found a broken altar of Ashenzari.
  1664 | D:8      | Found a bloodstained altar of Trog.
  1864 | D:8      | Reached skill level 1 in Translocations
  1875 | D:9      | Noticed a komodo dragon
  1986 | D:9      | Noticed a hornet
  2008 | D:9      | Succumbed to a hornet's poison

Illustrated notes

Levels and vault maps discovered:
D:1:      minmay_arrival_solitary_statue, layout_basic,
          hellmonk_ecumenical_altar_blasted
D:2:      layout_basic, uniq_sigmund
D:3:      layout_loops_cross, chequers_serial_rivers_small_a,
          kennysheep_generic_room_12
D:4:      layout_basic, old_standard_altar, minitemple
D:5:      layout_basic, eat_drink_and_be_merry_uskayaw,
          gammafunk_ghost_stat_death
D:6:      layout_basic, minmay_temple_entry_tees, serial_shops,
          kennysheep_mini_moat, kennysheep_generic_room_16, uniq_pikel
D:7:      layout_loops_corners, ashenzari_conservatory_becter
D:8:      layout_loops_cross, bloody_trog, grunt_ogre_cave,
          kennysheep_crisscross, grunt_ministairs_15
D:9:      layout_rooms, nicolae_overflow_crystal_walls,
          due_lair_maze_entry_diamond, orc_0_dummy, uniq_psyche

Skill      XL: |  1  2  3  4  5  6  7  8 |
---------------+-------------------------+-----
Fire Magic     | 4 5 6 7 8 |  8.0
Conjurations   | 3 4 5 7 8 |  8.2
Dodging        | 4 |  4.9
Spellcasting   | 4 |  4.5
Translocations | 1 |  1.9
Stealth        | |  2.4

Action                   |  1- 3 |  4- 6 |  7- 9 || total
-------------------------+-------+-------+-------++-------
Melee: Quarterstaff      |     2 |    13 |     2 ||    17
Throw: Dart              |       |     3 |    21 ||    24
 Cast: Foxfire           |    58 |    46 |    98 ||   202
       Conjure Flame     |       |     2 |     4 ||     6
       Apportation       |       |       |    11 ||    11
       Sticky Flame      |       |       |     6 ||     6
Evoke: Wand              |       |     4 |    10 ||    14
  Use: Scroll            |       |     4 |     1 ||     5
       Potion            |       |       |     8 ||     8
Armor: Robe              |     2 |     7 |     9 ||    18
Dodge: Dodged            |     6 |    14 |    20 ||    40

Table legend: (Time is in decaauts)
 A = Elapsed time spent in this place.
 B = Non-inter-level travel time spent in this place.
 C = Inter-level travel time spent in this place.
 D = Time resting spent in this place.
 E = Time spent auto-exploring this place.
 F = Levels seen in this place.
 G = Mean time per level.
                   A        B        C        D        E       F      G
               +--------+--------+--------+--------+--------+-----+--------+
         Total |   2046 |   2046 |      0 |      0 |      0 |   9 |  227.3 |
       Dungeon |   2046 |   2046 |      0 |      0 |      0 |   9 |  227.3 |
               +--------+--------+--------+--------+--------+-----+--------+

Top non-repeatable levels by time:
     D:4: 397 daAuts
     D:8: 316 daAuts
     D:1: 294 daAuts
     D:2: 234 daAuts
     D:3: 211 daAuts
     D:5: 204 daAuts
     D:6: 184 daAuts
     D:7: 149 daAuts
     D:9: 53 daAuts
